 Dungeon Crawl Stone Soup version 0.29-a0-23-ga79f92ac9c (webtiles) character file.

Game seed: 14808309632004025270

71 HallandMoats the Skirmisher (level 4, -7/24 HPs)
             Began as a Vine Stalker Fighter on Jan 30, 2022.
             Blown up by Ijyb (15 damage)
             ... with a mindburst bolt
             ... on level 3 of the Dungeon.
             The game lasted 00:03:17 (2156 turns).

HallandMoats the Skirmisher (Vine Stalker Fighter)  Turns: 2156, Time: 00:03:18

Health: -7/24      AC:  6    Str: 18    XL:     4   Next: 24%
Magic:  0/6        EV:  9    Int:  8    God:
Gold:   103        SH:  5    Dex: 16    Spells: 3/3 levels left

rFire   . . .      SeeInvis .   a - +1 hand axe (vorpal)
rCold   . . .      Faith    .   c - +0 buckler
rNeg    . . .      Spirit   +   b - +0 scale mail
rPois   .          Reflect  .   (no helmet)
rElec   .          Harm     .   (no cloak)
rCorr   .          Rampage  .   (no gloves)
Will    .....                   (no boots)
Stlth   ..........              (no amulet)
HPRegen 0.88/turn               (no ring)
MPRegen 0.10/turn               (no ring)

@: no status effects
A: fangs 2, regeneration 1, magic shield, antimagic bite, no potion heal 2
a: no special abilities


You were on level 3 of the Dungeon.
You visited 1 branch of the dungeon, and saw 3 of its levels.

You collected 103 gold pieces.

Inventory:

Hand Weapons
 a - a +1 vorpal hand axe (weapon)
Missiles
 k - a throwing net (quivered)
Armour
 b - a +0 scale mail (worn)
 c - a +0 buckler (worn)
Scrolls
 f - a scroll of magic mapping {unknown}
 g - a scroll of teleportation {unknown}
 i - a scroll of identify {unknown}
 l - a scroll of fog {unknown}
Potions
 d - 2 potions of might
 e - 4 potions of heal wounds {unknown}
 h - a potion of cancellation {unknown}
 j - a potion of invisibility {unknown}


   Skills:
 * Level 3.1 Fighting
 * Level 2.4 Axes
 + Level 2.6 Armour
 + Level 0.7 Dodging
 + Level 2.9 Shields
 * Level 1.5 Invocations


You had 3 spell levels left.
You didn't know any spells.
Your spell library contained the following spells:

 Spells                   Type           Power      Damage    Failure   Level
 Borgnjor's Revivificati  Necr           0%         N/A       100%        8
 Necromutation            Tmut/Necr      0%         N/A       100%        8
 Death's Door             Necr           0%         N/A       100%        9


Dungeon Overview and Level Annotations

Branches:
Dungeon (3/15)

Altars:
Vehumet

Annotations:
D:3 Ijyb


Innate Abilities, Weirdness & Mutations

You have extremely sharp teeth.
Your natural rate of healing is unusually fast.
When hurt, damage is shared between your health and your magic reserves.
Your bite disrupts and absorbs the magic of your enemies.
Potions cannot restore your health.


Message History

You now have 103 gold pieces (gained 10).
Ijyb the Twisted Goblin comes into view.
She is wielding a +0 dagger and carrying a wand of mindburst (13).
Ijyb is nearby!
Ijyb is nearby!
Ijyb is nearby!
Ijyb is nearby!
Ijyb zaps a wand.
Your mind is blasted!
You barely miss Ijyb. Ijyb closely misses you.
You hit Ijyb but do no damage. Ijyb closely misses you.
You closely miss Ijyb. Ijyb hits you but does no damage.
You closely miss Ijyb.
Ijyb zaps a wand.
You struggle to resist.
You hit Ijyb. You bite Ijyb, but do no damage.
Ijyb is lightly wounded.
You block Ijyb's attack. Ijyb hits you but does no damage.
You hit Ijyb but do no damage. Your bite misses Ijyb.
Ijyb is lightly wounded.
Ijyb hits you but does no damage.
You barely miss Ijyb. You bite Ijyb, but do no damage.
Ijyb is lightly wounded.
Ijyb zaps a wand.
You struggle to resist.
You hit Ijyb. You bite Ijyb. You drain her power.
You feel invigorated.
Ijyb is heavily wounded.
You block Ijyb's attack.
You closely miss Ijyb. You bite Ijyb. You drain her power.
Ijyb is heavily wounded.
Ijyb zaps a wand.
Your mind is blasted!
Ijyb hits you with a +0 dagger.
You are too injured to fight recklessly!
You are too injured to fight recklessly!
You barely miss Ijyb. You bite Ijyb. You drain her power.
You feel invigorated.
Ijyb is severely wounded.
Ijyb zaps a wand.
Your mind is blasted!
* * * LOW HITPOINT WARNING * * *
You hit Ijyb. Your bite misses Ijyb.
Ijyb is almost dead.
Ijyb hits you but does no damage.
You closely miss Ijyb.
Ijyb is almost dead.
Ijyb zaps a wand.
Your mind is blasted!
Ouch! That really hurt!
You die...

.. .#.#.#...#......
...........###..
..#.#..#..##
..........#
#._.#.#..#####
.........##..
..#.#..#..##.#
..........##.#####
.#.#.#......@g...#
.......####.###....
......## #.# .
###### #.. ####


You could see Ijyb.

Vanquished Creatures
  An adder (D:2)
  2 worms (D:3)
  8 orcs (D:3)
  4 bats
  6 endoplasms
  A giant cockroach (D:1)
  2 goblins
  3 hobgoblins
  6 kobolds
  2 quokkas
  5 ball pythons
  2 frilled lizards
  4 rats
46 creatures vanquished.

Notes
Turn   | Place    | Note
-------+----------+-------------------------------------------
     0 | D:1      | HallandMoats the Vine Stalker Fighter began the quest for
                  | the Orb.
     0 | D:1      | Reached XP level 1. HP: 11/11 MP: 2/2
   131 | D:1      | Reached XP level 2. HP: 16/16 MP: 1/3
   236 | D:1      | You fall into a shaft and drop 1 floor!
   354 | D:2      | Identified the +5 robe of Infinity {*Slow rPois Regen+
                  | Int-3}
   779 | D:2      | Reached skill level 1 in Invocations
   779 | D:2      | Reached XP level 3. HP: 19/19 MP: 4/4
   880 | D:2      | Reached skill level 3 in Fighting
  2024 | D:3      | Gained mutation: Your natural rate of healing is unusually
                  | fast. [Vine Stalker growth]
  2024 | D:3      | Reached XP level 4. HP: 24/24 MP: 6/6
  2125 | D:3      | Found a radiant altar of Vehumet.
  2141 | D:3      | Noticed Ijyb
  2156 | D:3      | Blown up by Ijyb

Illustrated notes

Levels and vault maps discovered:
D:1:      roderic_octagonal_star, layout_basic
D:2:      layout_basic
D:3:      layout_loops_corners, nicolae_vehumet_radiance,
          shapermc_ecumenical_altar_petra, grunt_ministairs_8,
          guppyfry_early_lair_pool, uniq_ijyb

Skill      XL: |  1  2  3 |
---------------+----------+-----
Axes           | 2 |  2.4
Invocations    | 1 |  1.5
Fighting       | 3 |  3.1
Armour         | |  2.6
Dodging        | |  0.7
Shields        | |  2.9

Action                   |  1- 3 |  4- 6 || total
-------------------------+-------+-------++-------
Melee: War axe           |    78 |    15 ||    93
       Bite              |    14 |    10 ||    24
       Hand axe          |       |    17 ||    17
Armor: Scale mail        |    35 |    10 ||    45
Dodge: Dodged            |    34 |    11 ||    45
Block: Buckler           |    19 |     7 ||    26

Table legend: (Time is in decaauts)
 A = Elapsed time spent in this place.
 B = Non-inter-level travel time spent in this place.
 C = Inter-level travel time spent in this place.
 D = Time resting spent in this place.
 E = Time spent auto-exploring this place.
 F = Levels seen in this place.
 G = Mean time per level.
                   A        B        C        D        E       F      G
               +--------+--------+--------+--------+--------+-----+--------+
         Total |   2200 |   2141 |     59 |      0 |   1797 |   3 |  733.3 |
       Dungeon |   2200 |   2141 |     59 |      0 |   1797 |   3 |  733.3 |
               +--------+--------+--------+--------+--------+-----+--------+

Top non-repeatable levels by time:
     D:2: 971 daAuts
     D:1: 677 daAuts
     D:3: 551 daAuts
